Cogmind - Beta 17 @@@ ROGUE MODE // 2026.06.28 @ 16:59:11 Player: Conwew Result: Destroyed by P-70 Sage via exploding Power Conduit Performance ------------- Evolutions (6) 3000 Regions Visited (19) 3800 Robots Destroyed (134) 670 Value Destroyed (4719) 4719 Prototype IDs (9) 180 Alien Tech Used (0) 0 Bonus (6765) 6765 TOTAL SCORE: 19134 Bonus ------- High Alert Combat Kills 368 Follower Combat Kills 4997 Met Imprinter 300 Was Imprinted 300 Built Enhanced Grunts 300 Met R17 at Cetus 500 Cogmind --------- Core Integrity 0/1150 Matter 300/300 Energy 98/100 System Corruption 14% Temperature Cool (33) Movement Core (50) Location -4/Factory Parts ------- > --- POWER (2) -------- (None) > --- PROPULSION (5) --- (None) > --- UTILITY (8) ------ Melee Analysis Suite Graphene Brace > --- WEAPON (4) ------- (None) > --- INVENTORY (5) ---- (None) Peak State ------------ > --- POWER ------------ Particle Reactor Quantum Reactor > --- PROPULSION ------- Medium Treads Centrium Heavy Treads Centrium Heavy Treads > --- UTILITY ---------- Advanced Heat Sink Melee Analysis Suite Melee Analysis Suite Improved Target Analyzer Zionite Weapon Casing Layered Medium Armor Plating Layered Medium Armor Plating Centrium Medium Armor Plating > --- WEAPON ----------- Impact Mace Ripper Vibroblade CR-A16's Pointy Stick > --- INVENTORY -------- Medium Treads Advanced Medium Treads Heavy Armor Plating Graphene Brace [Rating: 121] Favorites ----------- Power Light Nuclear Core Engine Improved Deuterium Engine Power Core Light Nuclear Core Reactor Quantum Reactor Propulsion Aluminum Leg Treads Light Treads Leg Aluminum Leg Utility Melee Analysis Suite Device Advanced Heat Sink Processor Melee Analysis Suite Protection Experimental Weapon Shielding Weapon Axe Energy Gun Small Laser Ballistic Gun Light Assault Rifle Launcher Rocket Launcher Impact Weapon Powered Hammer Slashing Weapon Axe Piercing Weapon CR-A16's Pointy Stick Build | -11 -10 -10 -9 -9 -8 -7 -7 -7 -6 -6 -6 -6 -5 -5 -5 -5 -5 -5 -4 ------- Run | Yrd Mat Min Mat Min Mat Fac Was Fac Fac Low Low Zio Pro Fac Ext Cet Arc Hub Fac Slots Evolved 12 | . . . 2 . 2 2 . . 2 . . . . 2 . . . . 2 Power 1 | . . . . . 1 . . . . . . . . . . . . . . Propulsion 3 | . . . 1 . 1 . . . . . . . . . . . . . 1 Utility 6 | . . . . . . 2 . . 2 . . . . 1 . . . . 1 Weapon 2 | . . . 1 . . . . . . . . . . 1 . . . . . Parts Attached 155 | 6 3 4 10 1 38 10 . 5 5 3 11 7 2 7 24 7 1 . 11 Power 29 | 1 . 1 1 . 9 5 . 2 . . 2 . . 2 4 1 1 . . Engine 9 | 1 . . 1 . 3 1 . 1 . . 1 . . . 1 . . . . Core 18 | . . 1 . . 6 4 . 1 . . 1 . . 2 3 . . . . Reactor 2 | . . . . . . . . . . . . . . . . 1 1 . . Propulsion 57 | 2 . 2 4 . 18 2 . 3 1 2 4 1 2 . 11 2 . . 3 Treads 8 | . . . . . . . . . . . 2 . 1 . . 2 . . 3 Leg 49 | 2 . 2 4 . 18 2 . 3 1 2 2 1 1 . 11 . . . . Wheel . | . . . . . . . . . . . . . . . . . . . . Hover . | . . . . . . . . . . . . . . . . . . . . Flight . | . . . . . . . . . . . . . . . . . . . . Utility 48 | . 2 1 3 . 5 3 . . 4 1 5 4 . 4 8 4 . . 4 Device 20 | . . 1 1 . 2 1 . . 1 . 2 3 . 3 2 2 . . 2 Storage . | . . . . . . . . . . . . . . . . . . . . Processor 8 | . . . . . 1 1 . . 1 1 1 . . . 3 . . . . Hackware . | . . . . . . . . . . . . . . . . . . . . Protection 20 | . 2 . 2 . 2 1 . . 2 . 2 1 . 1 3 2 . . 2 Artifact . | . . . . . . . . . . . . . . . . . . . . Weapon 21 | 3 1 . 2 1 6 . . . . . . 2 . 1 1 . . . 4 Energy Gun 3 | 3 . . . . . . . . . . . . . . . . . . . Energy Cannon . | . . . . . . . . . . . . . . . . . . . . Ballistic Gun 6 | . 1 . 2 . 3 . . . . . . . . . . . . . . Ballistic Cannon . | . . . . . . . . . . . . . . . . . . . . Launcher 1 | . . . . 1 . . . . . . . . . . . . . . . Special Weapon . | . . . . . . . . . . . . . . . . . . . . Impact Weapon 2 | . . . . . . . . . . . . . . . 1 . . . 1 Slashing Weapon 8 | . . . . . 3 . . . . . . 2 . . . . . . 3 Piercing Weapon 1 | . . . . . . . . . . . . . . 1 . . . . . Special Melee Weapon . | . . . . . . . . . . . . . . . . . . . . Unidentified Prototypes 9 | . . . . . . . . . 1 . . 2 . . 2 2 . . 2 Corrupted Parts 2 | . . . . . . 1 . . . . . . . . . 1 . . . System Corruption 19 | . . . . . . 10 . . . . . . . . . 9 . . . Parts Lost 62 | . 1 3 3 . 9 3 . . 1 3 13 . . . 5 4 . . 17 Power 11 | . . . 1 . 2 3 . . . . 2 . . . 1 . . . 2 Propulsion 20 | . . 2 . . 3 . . . . 2 5 . . . 1 2 . . 5 Utility 25 | . . 1 1 . 2 . . . 1 1 6 . . . 3 2 . . 8 Weapon 6 | . 1 . 1 . 2 . . . . . . . . . . . . . 2 Highest Loss Streak 17 | . 1 2 3 . 6 2 . . 1 1 8 . . . 2 2 . . 17 To Critical Strikes 2 | . . . . . . . . . . . . . . . 1 . . . 1 Average Backups 4 | . 3 4 3 5 4 4 5 5 4 4 4 3 3 3 4 3 3 4 3 Power . | . . . . . . . . . . 1 1 1 1 1 . 1 . . . Propulsion . | . 1 3 2 3 1 . . . . . . . . . . . 1 2 1 Utility 1 | . . . . 1 1 3 4 4 2 1 1 . . 1 3 2 1 2 1 Weapon . | . 1 1 . . 1 1 1 1 1 1 1 2 2 1 . . . . . Tool/Special . | . . . . . . . . . . . . . . . . . . . . Unused Backups 5 | . . . . . 2 . . . . . . 1 . . . 1 1 . . Power 3 | . . . . . . . . . . . . 1 . . . 1 1 . . Propulsion . | . . . . . . . . . . . . . . . . . . . . Utility . | . . . . . . . . . . . . . . . . . . . . Weapon 2 | . . . . . 2 . . . . . . . . . . . . . . Tool/Special . | . . . . . . . . . . . . . . . . . . . . Average Slot Usage (%) 92 | . 89 99 94 99 95 98 100 100 99 96 74 90 92 95 99 91 88 88 85 Engine 4 | . 14 5 2 11 6 . 7 7 6 6 4 6 6 . . 5 4 . . Core 6 | . . 8 8 . 10 12 7 7 6 6 5 6 6 9 10 . . . . Reactor 1 | . . . . . . . . . . . . . . . . 4 6 11 9 Treads 4 | . . . . . . . . . . . 9 13 9 5 . 4 11 11 14 Leg 19 | . 28 27 32 33 35 30 30 30 26 23 6 11 16 17 22 10 . . . Device 9 | . . 8 10 11 2 7 7 7 10 3 2 14 20 24 19 7 5 5 5 Processor 7 | . . . . . 6 14 15 15 19 22 4 . . . 7 17 17 17 14 Protection 13 | . 18 19 6 11 7 7 7 7 8 13 18 16 13 11 12 14 17 17 19 Energy Gun 1 | . 21 14 11 4 . . . . . . . . . . . . . . . Ballistic Gun 3 | . 6 14 21 22 6 . . . . . . . . . . . . . . Impact Weapon 1 | . . . . . . . . . . . . . . . 4 5 5 5 3 Slashing Weapon 14 | . . . . . 19 23 23 23 20 20 20 20 20 17 11 11 11 11 11 Piercing Weapon 1 | . . . . . . . . . . . . . . 5 5 5 5 5 4 Peak Build Rating 121 | 5 7 11 16 18 36 41 40 42 57 57 56 65 74 85 85 102 105 105 121 Average Rating 54 | 3 6 9 13 17 28 39 40 41 54 54 42 59 67 80 78 83 102 105 110 On Entrance 49 | . 5 7 10 16 18 34 40 40 42 57 56 46 65 74 85 76 102 105 105 Avg Prop Armor Cover (%) 6 | . . . . . . 13 . . . . 6 6 5 5 6 . . . . Naked Turns . | . . . . . . . . . . . . . . . . . . . . Heaviest Build 82 | 9 14 14 18 21 33 35 34 40 45 32 35 71 71 82 57 58 67 67 76 Greatest Support 188 | 20 20 20 30 30 68 64 64 64 65 65 63 40 56 56 83 160 160 160 188 Greatest Overweight (x) 4 | . . 1 . . 1 2 . . . . 3 1 1 1 1 1 . . 4 Average Overweight (x) . | . . . . . . . . . . . . . 1 . . . . . . Largest Inventory Capacity 5 | 5 5 5 5 5 5 5 5 5 5 5 5 5 5 5 5 5 5 5 5 Average Capacity 5 | 5 5 5 5 5 5 5 5 5 5 5 5 5 5 5 5 5 5 5 5 Most Carried 5 | 1 5 5 5 5 5 5 5 5 5 5 5 5 5 5 5 5 5 5 5 Average Carried 4 | . 3 4 3 4 4 4 5 5 4 4 4 4 5 4 4 3 4 5 4 Final Capacity 5 | 5 5 5 5 5 5 5 5 5 5 5 5 5 5 5 5 5 5 5 5 Final Carried 5 | 1 5 4 5 5 5 5 5 5 4 4 5 5 5 5 5 2 5 5 . Class Distribution -------------------- 33% | Mutant 14% | Scientist-Gladiator 13% | Scavenger-Gladiator 12% | Commander-Gladiator 8% | Gladiator 7% | Scavenger-Tank 5% | Derelict-Mutant 3% | Scavenger-Gunner Dominant Class ---------------- Mutant | -10/Materials Mutant | -10/Mines Scavenger-Tank | -9/Materials Scavenger-Tank | -9/Mines Scientist-Gladiator | -8/Materials Gladiator | -7/Factory Scientist-Gladiator | -7/Waste Scientist-Gladiator | -7/Factory Scientist-Gladiator | -6/Factory Scientist-Gladiator | -6/Lower Caves Mutant | -6/Lower Caves Mutant | -6/Zion Mutant | -5/Proximity Caves Derelict-Mutant | -5/Factory Commander-Gladiator | -5/Extension Scavenger-Gladiator | -5/Cetus Commander-Gladiator | -5/Archives Commander-Gladiator | -5/Hub_04(d) Scavenger-Gladiator | -4/Factory Resources | -11 -10 -10 -9 -9 -8 -7 -7 -7 -6 -6 -6 -6 -5 -5 -5 -5 -5 -5 -4 ----------- Run | Yrd Mat Min Mat Min Mat Fac Was Fac Fac Low Low Zio Pro Fac Ext Cet Arc Hub Fac Matter Collected 2501 | 209 90 106 200 15 665 145 23 80 50 50 160 149 84 60 240 75 10 10 80 Remotely . | . . . . . . . . . . . . . . . . . . . . Salvage Created 5985 | . 365 150 324 . 1938 1053 . 21 121 264 645 . . . 679 51 . . 374 Parts 283 | . 28 7 19 . 110 41 . 2 5 14 20 . . . 18 2 . . 17 Haulers Intercepted 4 | . 1 . . . 2 . . . . . 1 . . . . . . . . Recyclers Shooed 2 | . . . 1 . . . . . . . . . . . . . . . 1 Parts Field Recycled . | . . . . . . . . . . . . . . . . . . . . Retrieved Matter . | . . . . . . . . . . . . . . . . . . . . Parts Self-Destructed 39 | . . . . . . . . . . 13 20 . 6 . . . . . . Prevented 1 | . . . . . . . . . . . . . 1 . . . . . . Parts Restored . | . . . . . . . . . . . . . . . . . . . . Kills | -11 -10 -10 -9 -9 -8 -7 -7 -7 -6 -6 -6 -6 -5 -5 -5 -5 -5 -5 -4 ------- Run | Yrd Mat Min Mat Min Mat Fac Was Fac Fac Low Low Zio Pro Fac Ext Cet Arc Hub Fac Combat Hostiles Destroyed 105 | . 10 5 6 . 35 16 . . 2 8 7 . . . 9 1 . . 6 Melee 68 | . . . . . 20 16 . . 2 8 7 . . . 8 1 . . 6 Guns 33 | . 7 5 6 . 15 . . . . . . . . . . . . . . AOE 3 | . 3 . . . . . . . . . . . . . . . . . . Classes Destroyed 13 | . 5 . 2 . 2 2 . . . . 1 . . . 1 . . . . Worker 4 | . . . 1 . 1 . . 1 . . . . . . . . . . 1 Tunneler 1 | . . . . . 1 . . . . . . . . . . . . . . Hauler 4 | . 1 . . . 2 . . . . . 1 . . . . . . . . Recycler 6 | . . . . . 3 3 . . . . . . . . . . . . . Operator 3 | . 1 . . . 2 . . . . . . . . . . . . . . Watcher 10 | . 2 . 1 . 4 2 . . . . . . . . 1 . . . . Swarmer 33 | . 6 3 1 . 10 5 . . . 6 . . . . 2 . . . . Grunt 48 | . 4 2 5 . 18 7 . . 2 2 5 . . . 2 . . . 1 Brawler 2 | . . . . . . . . . . . 1 . . . . . . . 1 Sentry 14 | . . . 1 . 7 2 . . . . 1 . . . 2 . . . 1 Hunter 2 | . . . . . . 1 . . . . . . . . . . . . 1 Programmer 4 | . . . . . . 1 . . . . . . . . 1 . . . 2 Behemoth 1 | . . . . . . . . . . . . . . . 1 . . . . Cetus Guard 1 | . . . . . . . . . . . . . . . . 1 . . . Thug 1 | . . . . . . . . . . . . . . . 1 . . . . Best Kill Streak 7 | . 3 3 2 . 7 6 . 1 2 3 4 . . . 3 1 . . 4 Combat Bots Only 6 | . 3 3 2 . 6 4 . . 2 3 4 . . . 3 1 . . 3 Max Kills in Single Turn 3 | . 3 1 1 . 2 2 . 1 1 1 1 . . . 1 1 . . 1 Gunslinging 1 | . . . . . 1 . . . . . . . . . . . . . . Exploded 3 | . 3 . . . . . . . . . . . . . . . . . . Melee 2 | . . . . . 1 2 . . 1 1 1 . . . 1 1 . . 1 Uniques/NPCs Destroyed . | . . . . . . . . . . . . . . . . . . . . Combat | -11 -10 -10 -9 -9 -8 -7 -7 -7 -6 -6 -6 -6 -5 -5 -5 -5 -5 -5 -4 -------- Run | Yrd Mat Min Mat Min Mat Fac Was Fac Fac Low Low Zio Pro Fac Ext Cet Arc Hub Fac Hostile Shots Fired 1322 | . 32 46 32 4 206 182 . 6 74 96 159 . . 12 98 42 9 8 316 Missed 432 | . 12 11 14 . 63 59 . 3 33 39 52 . . 3 27 22 7 4 83 Hits 890 | . 20 35 18 4 143 123 . 3 41 57 107 . . 9 71 20 2 4 233 Melee 13 | . . . . . . . . . . . 8 . . . . . . . 5 Projectile 877 | . 20 35 18 4 143 123 . 3 41 57 99 . . 9 71 20 2 4 228 AOE 8 | . . . . . . 1 . . . . . . . . 3 . . 1 3 Critical Strikes 41 | . 1 2 1 . 5 2 . . 2 1 3 . . . 6 3 . 1 14 Actively Blocked 7 | . . . . . . . . . . . . . . . . 1 . . 6 Damage Taken 13862 | . 241 421 236 47 1856 937 . 104 645 725 1280 . . 142 1516 644 53 223 4792 Core 2551 | . 38 33 29 . 389 132 . . 147 171 265 . . . 125 58 . . 1164 Absorbed by Shields 911 | . . . . . . 440 . 4 . . . . . 53 378 36 . . . Redirected to Shielding 354 | . . . . . . . . . 44 28 130 . . . 44 24 . . 84 Ignored by Resistances 364 | . . . . . 51 181 . 5 . . 26 . . 16 85 . . . . Regen/Repaired (Parts) 320 | . . . . . 64 . 171 14 69 2 . . . . . . . . . Core Remaining (%) 69 | 100 . 71 . 92 29 . . 81 . . . . 31 . . . . 81 . Volleys Fired 137 | . 23 22 31 . 61 . . . . . . . . . . . . . . Largest 3 | . 2 2 3 . 3 . . . . . . . . . . . . . . Hottest 83 | . 80 60 83 . 63 . . . . . . . . . . . . . . Shots Fired 331 | . 45 42 88 . 156 . . . . . . . . . . . . . . Gun 331 | . 45 42 88 . 156 . . . . . . . . . . . . . . Cannon . | . . . . . . . . . . . . . . . . . . . . Launcher . | . . . . . . . . . . . . . . . . . . . . Special . | . . . . . . . . . . . . . . . . . . . . Kinetic 241 | . 3 22 60 . 156 . . . . . . . . . . . . . . Thermal 51 | . 3 20 28 . . . . . . . . . . . . . . . . Explosive . | . . . . . . . . . . . . . . . . . . . . Electromagnetic 39 | . 39 . . . . . . . . . . . . . . . . . . Robot Hit Streak 13 | . 13 4 6 . 12 . . . . . . . . . . . . . . Robot Miss Streak 5 | . 3 4 5 . 4 . . . . . . . . . . . . . . Penetration Max . | . . . . . . . . . . . . . . . . . . . . Secondary Targets 7 | . 1 1 . . 5 . . . . . . . . . . . . . . Max Gunslinging Chain 1 | . 1 1 . . 1 . . . . . . . . . . . . . . Shots Hit Robots 487 | . 31 22 49 . 160 58 . 1 9 15 39 . . 4 47 4 . 2 46 Core Hits 204 | . 18 8 20 . 70 23 . 1 3 8 16 . . . 21 2 . . 14 Critical Kills 1 | . . . . . 1 . . . . . . . . . . . . . . Critical Parts Destroyed 4 | . . . . . . . . . . . . . . . 1 1 . . 2 Critical Strikes 32 | . . . . . 5 3 . . 4 . 6 . . . 7 1 . 1 5 Destroy 1 | . . . . . 1 . . . . . . . . . . . . . . Smash 4 | . . . . . . . . . . . . . . . 1 1 . . 2 Sever 24 | . . . . . 4 3 . . 4 . 6 . . . 4 . . . 3 Impale 3 | . . . . . . . . . . . . . . . 2 . . 1 . Melee Attacks 393 | . . . . . 80 72 . 5 14 19 47 . . 14 72 6 1 2 61 Impact 14 | . . . . . . . . . . . . . . . 8 1 . . 5 Slashing 341 | . . . . . 80 72 . 5 14 19 47 . . 9 43 5 . . 47 Piercing 38 | . . . . . . . . . . . . . . 5 21 . 1 2 9 Sneak Attacks 18 | . . . . . 8 4 . 1 . . 1 . . . 1 . . 1 2 Combat Hostiles . | . . . . . . . . . . . . . . . . . . . . Follow-up Attacks 83 | . . . . . 16 15 . . 1 1 9 . . 2 20 1 . . 18 Damage Inflicted 14005 | . 670 243 571 2 3480 2325 . 84 393 599 1425 . . 147 1848 128 . 106 1984 Guns 2325 | . 425 243 571 . 1086 . . . . . . . . . . . . . . Cannons . | . . . . . . . . . . . . . . . . . . . . Explosions 245 | . 245 . . . . . . . . . . . . . . . . . . Melee 11412 | . . . . . 2373 2325 . 84 393 599 1425 . . 147 1848 128 . 106 1984 Ramming 23 | . . . . 2 21 . . . . . . . . . . . . . . Kinetic 1563 | . 38 99 340 . 1086 . . . . . . . . . . . . . . Thermal 630 | . 255 144 231 . . . . . . . . . . . . . . . . Explosive . | . . . . . . . . . . . . . . . . . . . . Electromagnetic 377 | . 377 . . . . . . . . . . . . . . . . . . Impact 306 | . . . . . . . . . . . . . . . 159 21 . . 126 Slashing 10145 | . . . . . 2373 2325 . 84 393 599 1425 . . 74 1049 107 . . 1716 Piercing 961 | . . . . . . . . . . . . . . 73 640 . . 106 142 Highest Corruption 15 | . . . . . 1 15 15 15 . . 10 10 . . . 9 . 1 14 Average Corruption 8 | . . . . . 1 13 15 15 . . 9 10 . . . 5 . 1 2 Corruption Purged 9 | . . . . . . . . . . . . . . . . 9 . . . Corruption Blocked . | . . . . . . . . . . . . . . . . . . . . Effects 129 | . . . . . 9 45 9 15 . . 37 2 . . . 4 . 3 5 Message Errors 30 | . . . . . 2 11 2 2 . . 8 1 . . . 2 . 2 . Matter Fused 23 | . . . . . 2 4 2 5 . . 9 . . . . 1 . . . Heat Flow Errors 13 | . . . . . 1 5 1 2 . . 3 . . . . 1 . . . Energy Discharges 20 | . . . . . 2 5 2 1 . . 9 . . . . . . 1 . Parts Rejected 1 | . . . . . . . . . . . . . . . . . . . 1 Parts Fused 3 | . . . . . . 2 . 1 . . . . . . . . . . . Data Loss (minor) 17 | . . . . . 1 5 1 1 . . 8 . . . . . . . 1 Data Loss (major) 12 | . . . . . 1 8 . 1 . . . 1 . . . . . . 1 Alerts 6 | . . . . . . 2 1 2 . . . . . . . . . . 1 Misdirections 4 | . . . . . . 3 . . . . . . . . . . . . 1 Overload Shots . | . . . . . . . . . . . . . . . . . . . . Overflow Damage 943 | . 3 . . . 301 109 . . . 54 31 . . . 120 21 . 62 242 Projectiles . | . . . . . . . . . . . . . . . . . . . . Explosions 3 | . 3 . . . . . . . . . . . . . . . . . . Melee 940 | . . . . . 301 109 . . . 54 31 . . . 120 21 . 62 242 Knockbacks 1 | . . . . . . . . . . . . . . . 1 . . . . Impact 1 | . . . . . . . . . . . . . . . 1 . . . . Kinetic . | . . . . . . . . . . . . . . . . . . . . Secondary . | . . . . . . . . . . . . . . . . . . . . Self-Inflicted Damage 34 | . 34 . . . . . . . . . . . . . . . . . . Shots 1 | . 1 . . . . . . . . . . . . . . . . . . Rammed . | . . . . . . . . . . . . . . . . . . . . Targets Rammed 4 | . . . . 1 3 . . . . . . . . . . . . . . Kicked 4 | . . . . 1 3 . . . . . . . . . . . . . . Crushed . | . . . . . . . . . . . . . . . . . . . . Highest Temperature 321 | . 222 321 90 . 108 279 . 150 38 6 220 . . . 215 77 . . 318 Average Temperature 85 | . 75 177 34 . 21 106 . 74 15 6 73 . . . 118 34 . . 149 Received Heat Transfer 3958 | . 90 228 93 27 882 207 . . 126 123 423 . . 24 495 98 9 21 1112 Effects 1 | . . 1 . . . . . . . . . . . . . . . . . Interference 1 | . . 1 . . . . . . . . . . . . . . . . . Siege Activations . | . . . . . . . . . . . . . . . . . . . . Martial Activations . | . . . . . . . . . . . . . . . . . . . . Shielding Activations . | . . . . . . . . . . . . . . . . . . . . Robots Disrupted . | . . . . . . . . . . . . . . . . . . . . Combat Hostiles . | . . . . . . . . . . . . . . . . . . . . Robots Corrupted 2 | . 1 . . . . . . . . . . . . . 1 . . . . Combat Hostiles 1 | . . . . . . . . . . . . . . . 1 . . . . Parts Fried 6 | . 5 . . . . . . . . . . . . . 1 . . . . Impact Corruptions 4 | . . . . . . . . . . . . . . . 1 1 . . 2 Robots Melted . | . . . . . . . . . . . . . . . . . . . . Combat Hostiles . | . . . . . . . . . . . . . . . . . . . . Parts Melted 1 | . . . 1 . . . . . . . . . . . . . . . . Heat Transferred 1275 | . 425 325 525 . . . . . . . . . . . . . . . . Parts Sabotaged . | . . . . . . . . . . . . . . . . . . . . Parts Stolen . | . . . . . . . . . . . . . . . . . . . . Parts Stripped . | . . . . . . . . . . . . . . . . . . . . Power Chain Reactions 4 | . 4 . . . . . . . . . . . . . . . . . . Alert | -11 -10 -10 -9 -9 -8 -7 -7 -7 -6 -6 -6 -6 -5 -5 -5 -5 -5 -5 -4 ------- Run | Yrd Mat Min Mat Min Mat Fac Was Fac Fac Low Low Zio Pro Fac Ext Cet Arc Hub Fac Maximum Alert Level 4 | . . . 1 . 1 1 . 2 1 . . . . . 4 3 2 2 2 Low Security (%) 64 | 100 100 100 84 100 90 79 100 44 62 . . . . 100 11 . . 56 28 Level 1 14 | . . . 15 . 9 20 . 47 37 . . . . . 17 . 18 29 23 Level 2 13 | . . . . . . . . 7 . . . . . . 41 . 81 13 47 Level 3 5 | . . . . . . . . . . . . . . . 9 100 . . . Level 4 2 | . . . . . . . . . . . . . . . 19 . . . . Level 5 . | . . . . . . . . . . . . . . . . . . . . High Security . | . . . . . . . . . . . . . . . . . . . . Max Security . | . . . . . . . . . . . . . . . . . . . . Peak Influence 1504 | . 160 77 232 13 254 262 89 456 358 . . . . 129 1504 998 529 515 597 Initial 828 | . . . 18 9 . 22 89 . 219 . . . . . . 828 364 128 252 Average 231 | . 38 15 88 . 105 65 44 189 200 . . . . 38 659 918 446 236 333 Influence Increases 9221 | . 343 200 550 21 1059 538 8 698 489 210 150 . 65 172 2394 370 175 809 970 Destroy 0b10 Robot/C 4500 | . 200 140 340 20 700 320 . 220 220 160 140 . 40 120 980 160 80 280 380 Destroy 0b10 Robot/NC 265 | . 20 . 25 . 65 25 . 10 15 . 10 . . . 30 10 . 30 25 Destroy Leader 844 | . 36 30 78 . 172 84 . 70 60 20 . . 10 20 96 . . 76 92 Allied During Kill 2553 | . . 15 91 1 . . . 263 110 . . . 15 22 1077 168 80 386 325 Successful Hack 60 | . 5 . 16 . 17 4 . 4 . . . . . . 14 . . . . Disable Machine 210 | . 30 . . . . . . 30 30 . . . . . 30 . 15 15 60 Destroy Structure 414 | . 7 . . . . . 8 101 54 . . . . 10 92 32 . 22 88 Partial Spotted 15 | . 15 . . . . . . . . . . . . . . . . . . Lose Combat Pursuer 360 | . 30 15 . . 105 105 . . . 30 . . . . 75 . . . . Influence Decreases 8791 | . 343 153 572 46 1009 332 264 250 589 480 228 . 65 172 913 939 718 663 1055 Entered New Map 2319 | . . . 29 16 . 28 167 . 229 130 15 . . . . 653 548 241 263 Time Decay 4237 | . 183 138 283 17 553 284 88 178 180 310 123 . 65 172 533 206 170 362 392 Lost Part 545 | . 10 15 30 . 90 20 . . 10 30 90 . . . 40 40 . . 170 Lost Ally 1024 | . . . 80 13 . . 9 72 170 10 . . . . 340 40 . 60 230 Purge Threat 666 | . 150 . 150 . 366 . . . . . . . . . . . . . . Squads Dispatched 42 | . 1 . 4 1 6 6 . 6 5 . . . . 1 3 . . 4 5 Investigation 8 | . . . 2 . 3 1 . 1 . . . . . . 1 . . . . Extermination 7 | . . . . . . 2 . 1 1 . . . . . . . . 1 2 Reinforcement 14 | . 1 . 2 . 3 . . . 3 . . . . 1 . . . 3 1 Assault 6 | . . . . 1 . . . 1 . . . . . . 2 . . . 2 Garrison 7 | . . . . . . 3 . 3 1 . . . . . . . . . . Intercept . | . . . . . . . . . . . . . . . . . . . . Searches Triggered . | . . . . . . . . . . . . . . . . . . . . Construction Impeded 2 | . . . . . . . . . 1 . . . . . . . . 1 . Haulers Reinforced 2 | . . . . . . . . . . . . . . . . . . 1 1 Active Scanning Responses . | . . . . . . . . . . . . . . . . . . . . Cargo Convoy Interrupts . | . . . . . . . . . . . . . . . . . . . . Stealth | -11 -10 -10 -9 -9 -8 -7 -7 -7 -6 -6 -6 -6 -5 -5 -5 -5 -5 -5 -4 --------- Run | Yrd Mat Min Mat Min Mat Fac Was Fac Fac Low Low Zio Pro Fac Ext Cet Arc Hub Fac Distress Signals 17 | . 1 . 3 . 5 . . . . . . . . . 3 2 . 3 . Communications Jammed . | . . . . . . . . . . . . . . . . . . . . Distress Signals . | . . . . . . . . . . . . . . . . . . . . Times Spotted 300 | . 18 7 19 7 63 29 1 7 10 11 8 . . 1 56 11 4 11 37 Peak Tracking Total 14 | . 4 3 3 4 7 6 1 4 4 4 5 . . 1 11 5 2 3 14 Tactical Retreats 18 | . 1 1 . . 6 5 . . . 2 . . . . 3 . . . . Traps | -11 -10 -10 -9 -9 -8 -7 -7 -7 -6 -6 -6 -6 -5 -5 -5 -5 -5 -5 -4 ------- Run | Yrd Mat Min Mat Min Mat Fac Was Fac Fac Low Low Zio Pro Fac Ext Cet Arc Hub Fac Traps Triggered 13 | . . . 1 . 4 5 . 1 1 . . . . . 1 . . . . Indirectly . | . . . . . . . . . . . . . . . . . . . . Trap Hack Attempts . | . . . . . . . . . . . . . . . . . . . . Triggered . | . . . . . . . . . . . . . . . . . . . . Disarmed . | . . . . . . . . . . . . . . . . . . . . Reprogrammed . | . . . . . . . . . . . . . . . . . . . . Reused . | . . . . . . . . . . . . . . . . . . . . Traps Extracted . | . . . . . . . . . . . . . . . . . . . . Installed . | . . . . . . . . . . . . . . . . . . . . Triggered . | . . . . . . . . . . . . . . . . . . . . Fabricated Traps 2 | . . . . . . . . . . . . 2 . . . . . . . Most Traps Carried 2 | . . . . . . . . . . . . 2 2 2 . . . . . Machines | -11 -10 -10 -9 -9 -8 -7 -7 -7 -6 -6 -6 -6 -5 -5 -5 -5 -5 -5 -4 ---------- Run | Yrd Mat Min Mat Min Mat Fac Was Fac Fac Low Low Zio Pro Fac Ext Cet Arc Hub Fac Machines Disabled 15 | . 2 . . . . . . 2 2 . . . . . 3 . 1 1 4 Max in Single Turn 1 | . 1 . . . . . . . . . . . . . 1 . . . . Machines Repaired . | . . . . . . . . . . . . . . . . . . . . Machines Dismantled . | . . . . . . . . . . . . . . . . . . . . Machines Sabotaged . | . . . . . . . . . . . . . . . . . . . . Overloaded Fab Kills . | . . . . . . . . . . . . . . . . . . . . Hacking | -11 -10 -10 -9 -9 -8 -7 -7 -7 -6 -6 -6 -6 -5 -5 -5 -5 -5 -5 -4 --------- Run | Yrd Mat Min Mat Min Mat Fac Was Fac Fac Low Low Zio Pro Fac Ext Cet Arc Hub Fac Machines Accessed 34 | . 3 . 8 . 11 2 . 2 1 . 1 . . . 3 2 . . 1 Terminals 26 | . 3 . 8 . 7 1 . 1 1 . . . . . 3 2 . . . Fabricators . | . . . . . . . . . . . . . . . . . . . . Repair Stations 2 | . . . . . 2 . . . . . . . . . . . . . . Recycling Units . | . . . . . . . . . . . . . . . . . . . . Scanalyzers 5 | . . . . . 2 1 . 1 . . . . . . . . . . 1 Garrison Access . | . . . . . . . . . . . . . . . . . . . . Total Hacks 77 | . 5 . 16 . 31 4 . 4 2 . 1 . . . 8 4 . . 2 Successful 40 | . 2 . 10 . 18 2 . 2 . . 1 . . . 2 1 . . 2 Failed 37 | . 3 . 6 . 13 2 . 2 2 . . . . . 6 3 . . . Catastrophic 5 | . . . . . 4 . . . . . . . . . 1 . . . . Database Lockouts . | . . . . . . . . . . . . . . . . . . . . Manual 75 | . 3 . 12 . 20 2 . 1 2 . . . . 6 2 1 . 20 6 Terminals 59 | . 5 . 16 . 21 2 . 1 2 . . . . . 8 4 . . . Fabricators . | . . . . . . . . . . . . . . . . . . . . Repair Stations 5 | . . . . . 5 . . . . . . . . . . . . . . Recycling Units . | . . . . . . . . . . . . . . . . . . . . Scanalyzers 12 | . . . . . 5 2 . 3 . . . . . . . . . . 2 Garrison Access . | . . . . . . . . . . . . . . . . . . . . Terminal Hacks 14 | . 1 . 4 . 5 . . . . . 1 . . . 2 1 . . . Record 1 | . . . . . . . . . . . . . . . . 1 . . . Robot Analysis 1 | . . . . . 1 . . . . . . . . . . . . . . Open Door 3 | . . . . . . . . . . . 1 . . . 2 . . . . Unreport Threat 5 | . 1 . 1 . 3 . . . . . . . . . . . . . . Locate Traps 1 | . . . . . 1 . . . . . . . . . . . . . . Recall Investigation 2 | . . . 2 . . . . . . . . . . . . . . . . Hauler Manifests 1 | . . . 1 . . . . . . . . . . . . . . . . Fabricator Hacks . | . . . . . . . . . . . . . . . . . . . . Repair Station Hacks 4 | . . . . . 4 . . . . . . . . . . . . . . Scan Component 2 | . . . . . 2 . . . . . . . . . . . . . . Repair 2 | . . . . . 2 . . . . . . . . . . . . . . Recycling Unit Hacks . | . . . . . . . . . . . . . . . . . . . . Scanalyzer 10 | . . . . . 4 2 . 2 . . . . . . . . . . 2 Insert Component 1 | . . . . . . . . 1 . . . . . . . . . . . Analyze 1 | . . . . . . . . 1 . . . . . . . . . . . Retrieve Study 8 | . . . . . 4 2 . . . . . . . . . . . . 2 Garrison Access Hacks . | . . . . . . . . . . . . . . . . . . . . Unauthorized Hacks 12 | . 1 . 6 . 5 . . . . . . . . . . . . . . Terminals 12 | . 1 . 6 . 5 . . . . . . . . . . . . . . Botnet 12 | . 1 . 6 . 5 . . . . . . . . . . . . . . Fabricators . | . . . . . . . . . . . . . . . . . . . . Repair Stations . | . . . . . . . . . . . . . . . . . . . . Recycling Units . | . . . . . . . . . . . . . . . . . . . . Scanalyzers . | . . . . . . . . . . . . . . . . . . . . Garrison Access . | . . . . . . . . . . . . . . . . . . . . Data Cores Recovered 3 | . 1 . . . . . . . . . . . . . . . . 2 . Used 1 | . 1 . . . . . . . . . . . . . . . . . . Hacking Detections 22 | . 1 . 5 . 8 1 . 2 1 . . . . . 3 . . . 1 Full Trace Events 3 | . . . 1 . 1 . . . . . . . . . 1 . . . . Feedback Events 1 | . . . . . 1 . . . . . . . . . . . . . . Corruption 1 | . . . . . 1 . . . . . . . . . . . . . . Feedback Blocked . | . . . . . . . . . . . . . . . . . . . . Robot Schematics Acquired 7 | . . . . . . . . . . . . . . . . . . 7 . Robots Built . | . . . . . . . . . . . . . . . . . . . . Authchips . | . . . . . . . . . . . . . . . . . . . . Time . | . . . . . . . . . . . . . . . . . . . . Total Robot Build Rating . | . . . . . . . . . . . . . . . . . . . . Part Schematics Acquired 14 | . . . . . . . . 1 . . . . . . . . . 13 . Parts Built . | . . . . . . . . . . . . . . . . . . . . Authchips . | . . . . . . . . . . . . . . . . . . . . Time . | . . . . . . . . . . . . . . . . . . . . Total Part Build Rating . | . . . . . . . . . . . . . . . . . . . . Part Studies Acquired 7 | . . . . . 4 2 . . . . . . . . . . . . 1 Parts Repaired 2 | . . . . . 2 . . . . . . . . . . . . . . Time 88 | . . . . . 88 . . . . . . . . . . . . . . Parts Recycled . | . . . . . . . . . . . . . . . . . . . . Recycled Matter . | . . . . . . . . . . . . . . . . . . . . Retrieved Matter . | . . . . . . . . . . . . . . . . . . . . Retrieved Components . | . . . . . . . . . . . . . . . . . . . . Parts Scanalyzed 1 | . . . . . . . . 1 . . . . . . . . . . . Part Schematics Acquired 1 | . . . . . . . . 1 . . . . . . . . . . . Parts Damaged . | . . . . . . . . . . . . . . . . . . . . Bothacking | -11 -10 -10 -9 -9 -8 -7 -7 -7 -6 -6 -6 -6 -5 -5 -5 -5 -5 -5 -4 ------------ Run | Yrd Mat Min Mat Min Mat Fac Was Fac Fac Low Low Zio Pro Fac Ext Cet Arc Hub Fac Used RIF Installer . | . . . . . . . . . . . . . . . . . . . . Robots Hacked . | . . . . . . . . . . . . . . . . . . . . Non-combat . | . . . . . . . . . . . . . . . . . . . . Combat . | . . . . . . . . . . . . . . . . . . . . Robot Hacks Applied . | . . . . . . . . . . . . . . . . . . . . Relay Couplers Released . | . . . . . . . . . . . . . . . . . . . . Fabnet Peak Effective % . | . . . . . . . . . . . . . . . . . . . . Robots Rewired 19 | . . . . . . . . . . . . . . . 19 . . . . Allies Hacked 1 | . . . . . . . . . . . . . . . . . . . 1 Hacks Repelled . | . . . . . . . . . . . . . . . . . . . . Allies | -11 -10 -10 -9 -9 -8 -7 -7 -7 -6 -6 -6 -6 -5 -5 -5 -5 -5 -5 -4 -------- Run | Yrd Mat Min Mat Min Mat Fac Was Fac Fac Low Low Zio Pro Fac Ext Cet Arc Hub Fac Total Allies 76 | . . 5 . 1 . . 20 . . . . 4 . 7 27 5 . 3 4 Largest Group 22 | . . 5 5 1 . . 20 17 11 . . 4 4 8 22 14 14 13 12 Highest-Rated Group 911 | . . 78 78 31 . . 474 432 342 . . 153 153 351 911 879 879 742 797 Highest-Rated Ally 159 | . . 31 31 31 . . 35 35 36 . . 39 39 70 159 143 137 96 96 Zionite Dispatches 7 | . . . . . . . . . . . . . . 2 1 . . 1 3 Light 2 | . . . . . . . . . . . . . . 1 . . . . 1 Recon 1 | . . . . . . . . . . . . . . . . . . . 1 Fire 2 | . . . . . . . . . . . . . . 1 . . . 1 . Hacker 1 | . . . . . . . . . . . . . . . 1 . . . . Melee Resupply 1 | . . . . . . . . . . . . . . . . . . . 1 Total Orders 1 | . . . . . . . . . . . . . . . . . . . 1 DROP 1 | . . . . . . . . . . . . . . . . . . . 1 Ally Attacks 798 | . . 11 75 6 . . 14 58 90 . . . 3 11 283 42 20 71 114 Total Damage 19211 | . . 107 881 42 . . 385 1662 2349 . . . 184 434 5551 1127 641 2108 3740 Kills 156 | . . 2 14 1 . . 3 12 12 . . . 2 6 49 10 4 21 20 Allies Corrupted 4 | . . . . . . . . . . . . . . . 1 . . . 3 Allies Melted . | . . . . . . . . . . . . . . . . . . . . Intel | -11 -10 -10 -9 -9 -8 -7 -7 -7 -6 -6 -6 -6 -5 -5 -5 -5 -5 -5 -4 ------- Run | Yrd Mat Min Mat Min Mat Fac Was Fac Fac Low Low Zio Pro Fac Ext Cet Arc Hub Fac Active Infowar (turns) . | . . . . . . . . . . . . . . . . . . . . Robot Analysis Total 1 | . . . . . 1 . . . . . . . . . . . . . . Derelict Logs Recovered 10 | . . 1 . 2 . . . . . 2 3 1 1 . . . . . . Drone Launches 1 | . . . . . . . . . . . . . . 1 . . . . . Drone Recoveries . | . . . . . . . . . . . . . . . . . . . . Zionite Intel Received 6 | . . . . . . . . . . . . . . . . . . 6 . Component Stockpiles 1 | . . . . . . . . . . . . . . . . . . 1 . Component Schematics 1 | . . . . . . . . . . . . . . . . . . 1 . Unaware Schematics 2 | . . . . . . . . . . . . . . . . . . 2 . Unaware Analyses 1 | . . . . . . . . . . . . . . . . . . 1 . Depthwide Sectors/0 1 | . . . . . . . . . . . . . . . . . . 1 . Exploration | -11 -10 -10 -9 -9 -8 -7 -7 -7 -6 -6 -6 -6 -5 -5 -5 -5 -5 -5 -4 ------------- Run | Yrd Mat Min Mat Min Mat Fac Was Fac Fac Low Low Zio Pro Fac Ext Cet Arc Hub Fac Turns Passed 17293 | 48 654 625 737 655 2029 1199 198 418 361 694 1526 1627 1799 574 1610 434 343 839 923 Spaces Moved 10332 | 34 473 435 500 521 1217 662 144 331 277 523 939 753 853 340 970 202 152 498 508 Core 37 | 2 . . . . . . . . . . 5 . . . . . . . 30 Treads 2991 | . . . . . . . . . . . 710 753 340 . . 60 152 498 478 Legs 7304 | 32 473 435 500 521 1217 662 144 331 277 523 224 . 513 340 970 142 . . . Wheels . | . . . . . . . . . . . . . . . . . . . . Hover . | . . . . . . . . . . . . . . . . . . . . Flight . | . . . . . . . . . . . . . . . . . . . . Fastest Speed 50 | 50 120 120 120 120 102 102 110 110 110 110 105 160 190 120 108 108 160 160 50 Average Speed 142 | 115 120 120 120 120 117 141 110 110 111 113 148 213 209 149 115 161 160 160 154 Slowest Speed 255 | 120 120 190 120 120 190 255 110 110 113 116 240 240 240 190 190 175 160 160 250 Overloaded Moves . | . . . . . . . . . . . . . . . . . . . . Propulsion Burnouts . | . . . . . . . . . . . . . . . . . . . . Robots Hopped 1 | . . . . . . . . . . . . . . . . . . 1 . Potential Cave-ins . | . . . . . . . . . . . . . . . . . . . . Cave-ins Triggered . | . . . . . . . . . . . . . . . . . . . . Exploration Rate (%) 59 | 3 84 93 57 86 72 20 78 8 13 79 89 88 93 10 86 69 91 44 19 Regions Visited 19 Branch Regions 10 Pre-discovered Areas 14 | . . . . . . . . . . . 1 3 1 . . . . 9 . Known Exits Taken 3 | . . . . 1 1 . . . . . . . . . . . . 1 . Unknown Exits Taken 14 | 1 1 1 1 . . . . 1 1 1 1 1 1 1 1 1 1 . . Scrap Searched 15 | . . 1 . 1 . . . . . 1 5 3 4 . . . . . . Spaces Dug 13 | . . . . . . . . 3 3 . 3 . . . . . . . 4 Terrain Destroyed 20 | . 7 . . . . . . 3 3 . 3 . . . . . . . 4 Melee 13 | . . . . . . . . 3 3 . 3 . . . . . . . 4 Projectile . | . . . . . . . . . . . . . . . . . . . . AOE 7 | . 7 . . . . . . . . . . . . . . . . . . Terrain Rammed . | . . . . . . . . . . . . . . . . . . . . Walls Destroyed . | . . . . . . . . . . . . . . . . . . . . Machines Disabled . | . . . . . . . . . . . . . . . . . . . . Actions | -11 -10 -10 -9 -9 -8 -7 -7 -7 -6 -6 -6 -6 -5 -5 -5 -5 -5 -5 -4 --------- Run | Yrd Mat Min Mat Min Mat Fac Was Fac Fac Low Low Zio Pro Fac Ext Cet Arc Hub Fac Total 12131 | 40 513 496 573 551 1609 829 183 378 309 594 1002 771 862 388 1366 302 250 534 581 Wait 943 | . 7 33 28 26 189 91 40 29 11 47 10 4 6 23 180 81 92 36 10 Move 10312 | 33 472 434 499 520 1216 662 143 330 276 522 938 752 852 339 969 201 151 495 508 Hop 1 | . . . . . . . . . . . . . . . . . . 1 . Pick Up 44 | . 6 1 2 1 9 3 . . 2 2 6 1 . 3 2 1 3 . 2 Fast Attach 97 | 6 2 1 4 1 23 8 . 2 1 2 6 4 2 7 15 5 1 . 7 Attach 33 | . 1 2 2 . 3 2 . . 3 2 5 2 . 1 3 1 . . 6 Detach 3 | 1 . . . . 1 . . . . . . 1 . . . . . . . Swap 45 | . 1 1 4 . 19 5 . 3 1 1 . 1 . . 7 2 . . . Drop 103 | . 1 2 3 2 30 7 . 4 2 2 1 5 2 7 19 6 2 . 8 Fire 137 | . 23 22 31 . 61 . . . . . . . . . . . . . . Melee 273 | . . . . . 55 51 . 4 11 16 35 . . 8 46 5 1 2 39 Ram . | . . . . . . . . . . . . . . . . . . . . Kick 4 | . . . . 1 3 . . . . . . . . . . . . . . Crush . | . . . . . . . . . . . . . . . . . . . . Escape Stasis 12 | . . . . . . . . 6 2 . . . . . 4 . . . . Rewire 124 | . . . . . . . . . . . 1 1 . . 121 . . . 1 Trap . | . . . . . . . . . . . . . . . . . . . . Miscellaneous . | . . . . . . . . . . . . . . . . . . . . Route ------- -11/Scrapyard -10/Materials (discovered 3 exits: *Mat x2 / [*Min]) -10/Mines (discovered 3 exits: *Mat x2 / [*Sub]) -9/Materials (discovered 3 exits: *Mat x2 / [*Min]) -9/Mines -8/Materials (discovered 3 exits: *Fac x3) -7/Factory -7/Waste -7/Factory -6/Factory -6/Lower Caves -6/Lower Caves (discovered 2 exits: *Fac / [*Zio]) -6/Zion -5/Proximity Caves -5/Factory (discovered 2 exits: Fac / *Ext) -5/Extension (discovered 2 exits: *Fac / *Cet) -5/Cetus (discovered 2 exits: *Fac / *Arc) -5/Archives (discovered 3 exits: *Fac / *Hub x2) -5/Hub_04(d) -4/Factory History --------- Turn | Location | Event 5 | -11/Scrapyard | Discovered new exit (range 16) 49 | -11/Scrapyard | Entered Materials 304 | -10/Materials | Build established: Mutant 356 | -10/Materials | Discovered new exit (range 15) 570 | -10/Materials | Discovered new exit (range 5) 685 | -10/Materials | Discovered new exit (range 14) 703 | -10/Materials | Entered Mines 791 | -10/Mines | Discovered new exit (range 7) 956 | -10/Mines | Learned 2 Materials zone layouts 1116 | -10/Mines | Discovered new exit (range 9) 1284 | -10/Mines | Assisted by bots powering up and referring to "LRC-V3" 1311 | -10/Mines | Discovered new exit (range 4) 1328 | -10/Mines | Entered Materials 1328 | -9/Materials | Accompanied by 5 allies 1328 | -9/Materials | Evolved 2 slots: Propulsion x1, Weapon x1 1329 | -9/Materials | Identified exit to Materials 1333 | -9/Materials | Led the pair of lost Derelicts to an unsafe place 1570 | -9/Materials | Discovered exit to Materials (range 4) 1884 | -9/Materials | Lost 4 allies 1886 | -9/Materials | Build established: Scavenger-Tank 1933 | -9/Materials | Lost 3 parts (1p1u1w) 1955 | -9/Materials | Discovered new exit (range 14) 2065 | -9/Materials | Entered Mines 2068 | -9/Mines | Assembled infested the area 2073 | -9/Mines | Assisted by a Guerilla fighting off Assembled 2122 | -9/Mines | A weapon hastily lodged in a ceiling crevice suddenly fell to the ground 2239 | -9/Mines | Learned 2 Materials zone layouts 2288 | -9/Mines | Received a Rocket Launcher from a helpful Derelict 2659 | -9/Mines | Met a Derelict testing a Signal Generator 2659 | -9/Mines | Discovered exit to Materials (range 9) 2720 | -9/Mines | Entered Materials 2720 | -8/Materials | Evolved 2 slots: Power x1, Propulsion x1 2721 | -8/Materials | Identified exit to Factory 3024 | -8/Materials | Lost 6 parts (2p2n2u) 3210 | -8/Materials | Repaired Lgt. Angular Momentum Engine 3399 | -8/Materials | Discovered exit to Factory (range 4) 3562 | -8/Materials | Build established: Scavenger-Gladiator 3913 | -8/Materials | Repaired Axe+ 4070 | -8/Materials | Build established: Scientist-Gladiator 4316 | -8/Materials | Core integrity fell below 50% 4686 | -8/Materials | Discovered exit to Factory (range 13) 4749 | -8/Materials | Entered Factory 4749 | -7/Factory | Evolved 2 slots: Utility x2 4750 | -7/Factory | Identified exit to Lower Caves 4843 | -7/Factory | System corruption reached 10% 5116 | -7/Factory | Build established: Gladiator 5690 | -7/Factory | Garrison activated, responded to threat 5727 | -7/Factory | Build established: Scavenger-Gladiator 5948 | -7/Factory | Sucked down chute 5948 | -7/Factory | Entered Waste 5949 | -7/Waste | Joined by Warlord forces that had cleared the area 6113 | -7/Waste | Discovered new exit (range 15) 6118 | -7/Waste | A Compactor rumbled back to life 6118 | -7/Waste | Spotted C-40 Crusher 6119 | -7/Waste | Allies destroyed C-40 Crusher 6146 | -7/Waste | Entered Factory 6146 | -7/Factory | Accompanied by 17 allies 6150 | -7/Factory | Lost 3 allies 6172 | -7/Factory | Garrison activated, responded to threat 6188 | -7/Factory | Build established: Scientist-Gladiator 6305 | -7/Factory | Lost 5 allies 6519 | -7/Factory | Discovered new exit (range 10) 6546 | -7/Factory | First assault squad dispatched 6564 | -7/Factory | Entered another Factory area 6564 | -6/Factory | Accompanied by 11 allies 6564 | -6/Factory | Evolved 2 slots: Utility x2 6850 | -6/Factory | Lost 5 allies 6894 | -6/Factory | Discovered new exit (range 16) 6898 | -6/Factory | Garrison activated, responded to threat 6919 | -6/Factory | Lost 4 allies 6925 | -6/Factory | Entered Lower Caves 6925 | -6/Lower Caves | Accompanied by 1 ally 6979 | -6/Lower Caves | Learned 4 Factory zone layouts 6984 | -6/Lower Caves | Spotted B-75 Beast 7082 | -6/Lower Caves | Attracted the attention of an 0b10 checkpoint 7238 | -6/Lower Caves | Build established: Gladiator 7364 | -6/Lower Caves | Learned Factory stockpile data 7605 | -6/Lower Caves | Discovered new exit (range 8) 7619 | -6/Lower Caves | Entered another Lower Caves area 7622 | -6/Lower Caves | Learned location of 1 exit from Factory 7671 | -6/Lower Caves | Core integrity fell below 50% 7689 | -6/Lower Caves | Lost 8 parts (2p4n2u) 7703 | -6/Lower Caves | Learned location of Zion (-6) 7753 | -6/Lower Caves | Discovered new exit (range 13) 7910 | -6/Lower Caves | Attracted the attention of an 0b10 checkpoint 7944 | -6/Lower Caves | System corruption reached 10% 8003 | -6/Lower Caves | Lost 5 parts (1n4u) 8248 | -6/Lower Caves | Build established: Mutant 8881 | -6/Lower Caves | Learned Factory trap positions 8882 | -6/Lower Caves | Discovered new exit (range 9) 9145 | -6/Lower Caves | Entered Zion 9190 | -6/Zion | System corruption cleaned by Quarantine Array 9320 | -6/Zion | Learned location of 1 exit from Lower Caves 9540 | -6/Zion | Found Prototype Device 9540 | -6/Zion | Identified Bomb Factory No. 2 9670 | -6/Zion | Found CR-A16's Pointy Stick 9815 | -6/Zion | Met Imprinter 9851 | -6/Zion | Imprinted 9853 | -6/Zion | Declared Zion's savior 10024 | -6/Zion | Given the Hacking Drone Bay 10024 | -6/Zion | Found Prototype Device 10024 | -6/Zion | Identified Hacking Drone Bay 10218 | -6/Zion | Learned location of Armory (-4) 10266 | -6/Zion | Learned location of Warlord (-4) 10661 | -6/Zion | Discovered new exit (range 15) 10772 | -6/Zion | Entered Proximity Caves 10772 | -5/Proximity Caves | Accompanied by 4 allies 11639 | -5/Proximity Caves | Discovered new exit (range 16) 12571 | -5/Proximity Caves | Entered Factory 12571 | -5/Factory | Accompanied by 3 allies 12571 | -5/Factory | Evolved 2 slots: Utility x1, Weapon x1 12572 | -5/Factory | Identified exit to Factory 12574 | -5/Factory | Loaded intel: 88 trap records 12592 | -5/Factory | Build established: Derelict-Mutant 12749 | -5/Factory | Zion Light squad teleported in 12868 | -5/Factory | Zion Fire squad teleported in 13100 | -5/Factory | Discovered new exit (range 18) 13145 | -5/Factory | Entered Extension 13145 | -5/Extension | Accompanied by 9 allies 13272 | -5/Extension | Rescued A7 13277 | -5/Extension | Rescued a captive Derelict 13278 | -5/Extension | Rescued a captive Derelict 13604 | -5/Extension | Build established: Commander-Mutant 13756 | -5/Extension | Rescued a captive Derelict 13757 | -5/Extension | Rescued a captive Derelict 13912 | -5/Extension | Build established: Commander-Gladiator 13939 | -5/Extension | Spotted B-75 Beast 13942 | -5/Extension | Spotted B-75 Beast 13973 | -5/Extension | Destroyed B-75 Beast 13975 | -5/Extension | Allies destroyed B-75 Beast 13982 | -5/Extension | Found Prototype Protection 13982 | -5/Extension | Identified Zio. Weapon Casing 13999 | -5/Extension | Lost 3 allies 14132 | -5/Extension | Disrupted transfer network 14320 | -5/Extension | Rescued a captive Derelict 14345 | -5/Extension | First assault squad dispatched 14379 | -5/Extension | Lost 3 allies 14411 | -5/Extension | Zion Hacker squad teleported in 14473 | -5/Extension | Terminal network hard line cut 14479 | -5/Extension | Lost 12 allies 14625 | -5/Extension | Discovered exit to Factory (range 10) 14626 | -5/Extension | Discovered new exit (range 6) 14755 | -5/Extension | Entered Cetus 14755 | -5/Cetus | Accompanied by 12 allies (A7) 14760 | -5/Cetus | Acquired a Cetus Manufacturing Module code from A7 14770 | -5/Cetus | Spotted Cetus Guard 14770 | -5/Cetus | Spotted Cetus Guard 14771 | -5/Cetus | Spotted Cetus Guard 14773 | -5/Cetus | Spotted Cetus Guard 14774 | -5/Cetus | Allies destroyed Cetus Guard 14792 | -5/Cetus | Destroyed Cetus Guard 14797 | -5/Cetus | Allies destroyed Cetus Guard 14880 | -5/Cetus | Started Cetus Manufacturing Module 14905 | -5/Cetus | Manufactured an Enhanced Grunt 14930 | -5/Cetus | Manufactured an Enhanced Grunt 14934 | -5/Cetus | Build established: Scavenger-Gladiator 14944 | -5/Cetus | Discovered new exit (range 16) 14955 | -5/Cetus | Manufactured an Enhanced Grunt 14978 | -5/Cetus | Spotted Cetus Guard 14978 | -5/Cetus | Spotted Cetus Guard 14980 | -5/Cetus | Manufactured an Enhanced Grunt 14980 | -5/Cetus | Spotted Cetus Guard 14982 | -5/Cetus | Spotted Cetus Guard 14985 | -5/Cetus | Allies destroyed Cetus Guard 14989 | -5/Cetus | Discovered exit to Factory (range 16) 14989 | -5/Cetus | Allies destroyed Cetus Guard 14995 | -5/Cetus | Allies destroyed Cetus Guard 14996 | -5/Cetus | Allies destroyed Cetus Guard 15000 | -5/Cetus | Scared off Revision 17 15005 | -5/Cetus | Manufactured an Enhanced Grunt 15189 | -5/Cetus | Entered Archives 15189 | -5/Archives | Accompanied by 14 allies (A7) 15257 | -5/Archives | Unable to access archive contents 15263 | -5/Archives | Discovered exit to Factory (range 16) 15290 | -5/Archives | Discovered new exit (range 15) 15295 | -5/Archives | Build established: Commander-Gladiator 15347 | -5/Archives | Discovered new exit (range 13) 15532 | -5/Archives | Entered Hub_04(d) 15532 | -5/Hub_04(d) | Accompanied by 13 allies 15640 | -5/Hub_04(d) | Retrieved Zion intel report: Depthwide Sectors/-5 15692 | -5/Hub_04(d) | Retrieved Zion intel report: Unaware Schematics 15717 | -5/Hub_04(d) | Retrieved Zion intel report: Component Stockpiles 15807 | -5/Hub_04(d) | Retrieved Zion intel report: Component Schematics 16063 | -5/Hub_04(d) | Retrieved Zion intel report: Unaware Analyses 16254 | -5/Hub_04(d) | Discovered exit to Factory (range 13) 16350 | -5/Hub_04(d) | Retrieved Zion intel report: Unaware Schematics 16351 | -5/Hub_04(d) | Zion Fire squad teleported in 16371 | -5/Hub_04(d) | Entered Factory 16371 | -4/Factory | Accompanied by 12 allies 16371 | -4/Factory | Evolved 2 slots: Propulsion x1, Utility x1 16487 | -4/Factory | Spotted B-86 Titan 16517 | -4/Factory | Allies destroyed B-86 Titan 16583 | -4/Factory | Build established: Scavenger-Gladiator 16803 | -4/Factory | P-70 Sage assimilated allied KY-6EL(i) 16841 | -4/Factory | Zion Light squad teleported in 16871 | -4/Factory | First assault squad dispatched 16897 | -4/Factory | Lost 5 allies 16998 | -4/Factory | Zion Melee Resupply teleported in 17156 | -4/Factory | Lost 4 allies 17199 | -4/Factory | Lost 3 allies 17271 | -4/Factory | System corruption reached 10% 17274 | -4/Factory | Core integrity fell below 50% 17285 | -4/Factory | Core integrity fell below 20% 17293 | -4/Factory | Zion Recon squad teleported in 17294 | -4/Factory | Destroyed by P-70 Sage via exploding Power Conduit Last Messages --------------- Dropped Chainsword. U-05 Engineer lays Concrete. K-01 Serf collects debris. Detecting system override signal. Connecting with Terminal... >>\\ZION-ROSTER [ Establishing connection... ] [ Retrieving roster... ] [ Squads on standby: ] [ 1 : Infowar Resupply ] [ 2 : Hover Resupply ] [ 3 : Recon ] >>\\ZION-DISPATCH-3 [ Target locked, reinforcements inbound... ] Detecting system override signal. System corrupted: Component data lost. Power Conduit explodes. G-67 Veteran destroyed. Power Conduit explodes. [Achievement: I Think I Know What's Going On] Map ----- +----------------------------------------------------+ | ?????????????????????????????????????????????????? | | ?????????????????????????????????????????????##### | | ?????????????????????????????????????????????# | | ?????????????????????????????????????????????# | | ?????????????????????????????????????????????# | | ?????????????????????????????????????????????# | | ?????????????????????????????????????????????# """ | | ?????????????????????????????????????????????# """ | | ?????????????????????????????????????????????# """ | | ?????????????????????????????????????????##### | | ??????????????########+################### ###### | | ??????????????? % | | ???????????????? | | ???????????????? | | ???????????????? / | | ???????????????? /*%! % | | ??????????????????#####b######p############/##### | | ??????????????????# [ #?????????#!%[[[""% | | ??????????????????# *% #?????????#[*%=%[" | | ??????????????????# [ ! #?????????#="/%!## | | ??????????????????# #?????????# S ## | | ??????????????????# #?????????# ## | | ??????????????????# #?????????# ## | | ??????????????????# #?????????# ## | | ??????????????????# * #?????????# ## | | ??????????????????# @ #?????????# """ ## | | ??????????????????# #?????????# """ ## | | ??????????????????# #?????????# """ ## | | ??????????????????# #?????????# ?? ## | | ??????????????????##############?????????##??#### | | ????????????????????????????????????????????????# | | ????????????????????????????????????????????????# | | ????????????????????????????????????????????????# | | ????????????????????????????????????????????????# | | ????????????????????????????????????????????????+ | | ????????????????????????????????????????????????# | | ????????????????????????????????????????????????# | | ????????????????????????????????????????????????## | | ?????????????????????????????????????????????????? | | ?????????????????????????????????????????????????? | | ?????????????????????????????????????????????????? | | ?????????????????????????????????????????????????? | | ?????????????????????????????????????????????????? | | ?????????????????????????????????????????????????? | | ??????????????????????????????????????????######## | | ??????????????????????????????????????????# | | ??????????????????????????????????????????# | | ??????????????????????????????????????????# | | ??????????????????????????????????????????# | | ??????????????????????????????????????????# | +----------------------------------------------------+ Best States ------------- Heat Dissipation 62 Energy Generation 43 Energy Capacity 590 Matter Stores 300 Matter Capacity 300 Sight Range 16 Terrain Scan Density 10 EM Shielding 3 Armor Coverage 675 Resistance: KI 20 Resistance: TH 15 Weapon Shielding 100 Point Defense Rating 80 Evasion (%) 70 Melee Accuracy 15 Target Analysis 6 Recoil Reduction 5 Force Boost 20 Item Schematics ----------------- Melee Analysis Suite | -7/Factory | Scanalyzed Mic. Fission Core | -5/Hub_04(d) | Z-intel Imp. Focal Shield | -5/Hub_04(d) | Z-intel Reaction Control System | -5/Hub_04(d) | Z-intel Imp. Kinecellerator | -5/Hub_04(d) | Z-intel Imp. Power Shielding | -5/Hub_04(d) | Z-intel Med. Storage Unit | -5/Hub_04(d) | Z-intel Adv. Melee Analysis Suite | -5/Hub_04(d) | Z-intel Sml. Storage Unit | -5/Hub_04(d) | Z-intel Adv. Recoil Stabilizer | -5/Hub_04(d) | Z-intel Imp. Weapon Shielding | -5/Hub_04(d) | Z-intel Power Amplifier | -5/Hub_04(d) | Z-intel Transmission Jammer | -5/Hub_04(d) | Z-intel KE Penetrator | -5/Hub_04(d) | Z-intel Robot Schematics ------------------ A-02 Transporter | -5/Hub_04(d) | Z-intel K-01 Serf | -5/Hub_04(d) | Z-intel R-10 Processor | -5/Hub_04(d) | Z-intel A-15 Conveyor | -5/Hub_04(d) | Z-intel R-06 Scavenger | -5/Hub_04(d) | Z-intel B-60 Warrior | -5/Hub_04(d) | Z-intel G-50 Soldier | -5/Hub_04(d) | Z-intel Fabricated ------------ Nothing Repaired ---------- Lgt. Angular Momentum Engine | 16% | -8/Materials Axe | 72% | -8/Materials Studied --------- Titanium Leg | -8/Materials | Hacked Lgt. Nuclear Core | -8/Materials | Hacked Axe | -8/Materials | Hacked Lgt. Deuterium Engine | -8/Materials | Hacked Carbon-fiber Leg | -7/Factory | Hacked Mic. Nuclear Core | -7/Factory | Hacked Med. Treads | -4/Factory | Hacked Alien Tech Used ----------------- None Achievements -------------- Ambidextrous Beloved Generalissimo I Think I Know What's Going On Part-time Excavator Project G-00 Challenges ------------ None Game ------ Seed MultireflexTimingPick Manual? 0 Play Time 02:05:02 Cumulative 40.7 hours Start 2026.06.28 @ 14:52:16 End 2026.06.28 @ 16:59:11 Sessions 1 Manual Loads 0 Difficulty Rogue Special Mode None Game No. 40 Rogue 40 Adventurer 0 Explorer 0 Win Type - Total 0 Types 0/0/0/0/0/0/0/0/0/0 Lore% 50 Gallery% 32 Achievement% 30 Wizard Run 0 Options --------- Layout 1 ASCII 0 Keyboard 0 Movement Mouse Keybinds 0 Fullscreen 1 Font 24/X11 Map View 50x35 Zoom Use 0% Tactical HUD 0 Map Filters NONE Filters NONE Steam 1 RUN: 9a2a8e20-c4f8-49d6-a7de-f58a62ef0041